 Dungeon Crawl Stone Soup version 0.31-b1-17-gcfd88c8481 (webtiles) character file.

Game seed: 17557139176258273808

361 BigPumpCobain the Chopper (level 6, -1/79 HPs)
             Began as a Minotaur Berserker on Jan 16, 2024.
             Was a Priest of Trog.
             Slain by a gnoll sergeant
             ... wielding a +0 trident
              (4 damage)
             ... on level 4 of the Dungeon.
             The game lasted 00:05:34 (2468 turns).

BigPumpCobain the Chopper (Minotaur Berserker)      Turns: 2468, Time: 00:05:35

Health: -1/79      AC:  6    Str: 24    XL:     6   Next: 38%
Magic:  5/5        EV: 11    Int:  4    God:    Trog [***...]
Gold:   240        SH:  0    Dex:  9    Spells: 5/5 levels left

rFire   . . .        i - +1 morningstar
rCold   . . .        (no shield)
rNeg    . . .        b - +1 ring mail {rPois}
rPois   +            (helmet restricted)
rElec   .            (no cloak)
rCorr   .            (no gloves)
SInv    .            (no boots)
Will    ++...        (no amulet) Stlth
                     m - ring of poison resistance
HPRegen 1.33/turn    (no ring)
MPRegen 0.09/turn

%: no passive effects
@: berserking, strong-willed, regenerating, very quick
A: horns 2, retaliatory headbutt
a: Renounce Religion, Berserk, Trog's Hand


You were on level 4 of the Dungeon.
You worshipped Trog.
Trog was most pleased with you.
You visited 1 branch of the dungeon, and saw 4 of its levels.

You collected 240 gold pieces.

Inventory:

Hand Weapons
 a - a +0 hand axe
 i - a +1 morningstar (weapon)
Missiles
 g - 2 poisoned darts
 k - 4 javelins (quivered)
Armour
 b - a +1 ring mail of poison resistance (worn)
Jewellery
 m - a ring of poison resistance (left hand)
Wands
 e - a wand of iceblast (12)
Scrolls
 d - 3 scrolls of amnesia
 l - a scroll of torment
 n - 3 scrolls of vulnerability {unknown}
 o - 2 scrolls of poison {unknown}
Potions
 c - 2 potions of heal wounds {unknown}
 f - 2 potions of mutation {unknown}
 h - a potion of lignification {unknown}
 j - a potion of enlightenment {unknown}


   Skills:
 + Level 4.6 Fighting
 - Level 5.3(6.0) Axes
 * Level 3.8(5.2) Maces & Flails
 * Level 1.4 Throwing
 + Level 3.7 Armour
 + Level 2.9 Dodging
 + Level 0.7 Stealth


You had 5 spell levels left.
You didn't know any spells.
Your spell library was empty.

Dungeon Overview and Level Annotations

Branches:
Dungeon (4/15)
 Temple: D:4-7

Altars:

Shops:
D:3 ?


Innate Abilities, Weirdness & Mutations

You have a pair of horns on your head.
You reflexively headbutt those who attack you in melee.


Message History

You are too injured to fight recklessly!
You are too injured to fight recklessly!
You are too injured to fight recklessly!
You are too injured to fight recklessly!
You are too injured to fight recklessly!
You are too injured to fight recklessly!
You are too injured to fight recklessly!
Unknown command.
Your skin crawls.
You feel strong-willed.
The gnoll sergeant hits you from afar with a +0 trident.
The gnoll closely misses you.
The gnoll hits you from afar with a +0 halberd!
* * * LOW HITPOINT WARNING * * *
A red film seems to cover your vision as you go berserk!
You feel yourself moving faster!
You feel mighty! The gnoll sergeant barely misses you.
The gnoll hits you but does no damage.
The gnoll hits you from afar with a +0 halberd.
* * * LOW HITPOINT WARNING * * *
You feel a strong urge to attack something.
The gnoll sergeant hits you with a +0 trident.
* * * LOW HITPOINT WARNING * * *
The gnoll hits you but does no damage. The gnoll barely misses you.
You furiously retaliate!
You headbutt the gnoll!
You feel the power of Trog in you as your rage grows.
You kill the gnoll!
Trog accepts your kill.
There is an open door here.
Things that are here:
a +0 flail; a +0 flail The gnoll sergeant blocks your attack.
The gnoll sergeant hits you with a +0 trident.
* * * LOW HITPOINT WARNING * * *
The gnoll hits you with a +0 spear!
* * * LOW HITPOINT WARNING * * *
Unknown command.
The gnoll sergeant blocks your attack.
You headbutt the gnoll sergeant.
The gnoll sergeant is lightly wounded.
The gnoll sergeant hits you with a +0 trident.
You die...

....## ###...... .#.....# .##
......# .... .#....##..##≈
######≈. .#.....#..#.≈ #.!.#≈≈!
.#).........≈ #...#≈≈#
..........#. #ggg#≈≈# ###
.#........##≈ ##@###≈## ##.##
.###........≈##≈.≈##≈.###...#
.####.>.....≈≈≈≈.≈≈≈≈..#...##
...##..........#.......#....###
.#.........##.................#
.#.........##.................##
.#................#.##.........##
.....[....#..#..#.###..#........#
.#..........##.##......#......###


You could see a gnoll sergeant and 2 gnolls.

Vanquished Creatures
  Eustachio (D:4)
  A bombardier beetle (D:3)
  5 adders
  3 gnolls (D:4)
  2 adder zombies (D:2)
  A dart slug (D:2)
  A ribbon worm (D:2)
  4 orcs
  7 bats
  5 bat skeletons (D:2)
  3 bat zombies (D:2)
  7 endoplasms
  2 giant cockroaches
  8 goblins
  11 hobgoblins
  3 jackals (D:3)
  4 quokkas
  11 ball pythons
  A ball python skeleton (D:2)
  A ball python zombie (D:2)
  5 frilled lizards
  A jackal skeleton (D:2)
  5 kobolds
  A quokka skeleton (D:2)
  A quokka zombie (D:2)
  2 rats
96 creatures vanquished.

Notes
Turn   | Place    | Note
-------+----------+-------------------------------------------
     0 | D:1      | BigPumpCobain the Minotaur Berserker began the quest for
                  | the Orb.
     0 | D:1      | Reached XP level 1. HP: 19/19 MP: 0/0
   307 | D:1      | Reached skill level 4 in Axes
   310 | D:1      | Reached XP level 2. HP: 27/27 MP: 1/1
   658 | D:1      | Reached XP level 3. HP: 33/33 MP: 2/2
   770 | D:1      | Found a faded altar of an unknown god.
   770 | D:1      | Noticed an Ice Fiend
   816 | D:2      | Reached ** piety under Trog
   869 | D:2      | Reached skill level 5 in Axes
  1028 | D:2      | Reached XP level 4. HP: 39/40 MP: 3/3
  1543 | D:3      | Reached skill level 1 in Maces & Flails
  1543 | D:3      | Reached XP level 5. HP: 25/47 MP: 4/4
  1699 | D:3      | Found Akatsacu's Magic Scroll Emporium.
  1757 | D:3      | Reached *** piety under Trog
  2139 | D:4      | Noticed Eustachio
  2155 | D:4      | Killed Eustachio
  2156 | D:4      | Reached skill level 1 in Throwing
  2156 | D:4      | Reached XP level 6. HP: 37/53 MP: 5/5
  2467 | D:4      | HP: 2/79 [gnoll/+0 spear[a gnoll sergeant] (7)]
  2468 | D:4      | Slain by a gnoll sergeant

Illustrated notes

Levels and vault maps discovered:
D:1:      amcnicky_arrival_gap_in_the_tavern_cellar, layout_loops_cross,
          dreamdust_ecumenical_altar_sealed_demon
D:2:      minmay_general_purpose_star, layout_basic, serial_undead,
          serial_undead_b, serial_undead_b, serial_undead_b, serial_undead_b,
          serial_undead_f, serial_undead_c, serial_undead_a, serial_undead_c
D:3:      layout_rooms, serial_shops, shop
D:4:      layout_cave_pools, serial_shops, shop_coins,
          serial_library_hellmonk_h_bend,
          nicolae_concentric_dashed_squares_wild, lightli_minifort,
          uniq_blork_the_orc, uniq_eustachio

Skill      XL: |  1  2  3  4  5 |
---------------+----------------+-----
Axes           | 4 5 |  5.3
Fighting       | 4 |  4.6
Armour         | 3 |  3.7
Maces & Flails | 1 3 |  3.8
Throwing       | 1 |  1.4
Dodging        | |  2.9
Stealth        | |  0.7

Action                     |  1- 3 |  4- 6 || total
---------------------------+-------+-------++-------
  Melee: Hand axe          |    83 |    22 ||   105
         Headbutt          |    13 |    12 ||    25
         Punch             |     1 |     1 ||     2
         Morningstar       |       |    84 ||    84
  Throw: Javelin           |       |     3 ||     3
 Invoke: Berserk           |       |     1 ||     1
         Trog's Hand       |       |     1 ||     1
  Evoke: Wand              |       |     1 ||     1
    Use: Scroll            |       |     4 ||     4
 Armour: Ring mail         |    49 |    91 ||   140
         Leather armour    |     4 |       ||     4
         Animal skin       |     4 |       ||     4
  Dodge: Dodged            |    55 |    81 ||   136
